 Dungeon Crawl Stone Soup version 0.30-a0-142-g7370640ec8 (webtiles) character file.

Game seed: 915942664190219399

416 qw the Chopper (level 6, -5/38 HPs)
             Began as a Gargoyle Fighter on Sept 25, 2022.
             Slain by a gnoll bouda
             ... wielding a +0 whip
              (6 damage)
             ... on level 3 of the Dungeon.
             The game lasted 00:01:07 (2421 turns).

qw the Chopper (Gargoyle Fighter)                   Turns: 2421, Time: 00:01:07

Health: -5/38      AC: 19    Str: 21    XL:     6   Next: 92%
Magic:  6/6        EV:  5    Int:  9    God:
Gold:   125        SH:  4    Dex:  9    Spells: 5/5 levels left

rFire   . . .      SeeInvis .    Y - +0 war axe (freeze)
rCold   . . .      Faith    .    c - +0 buckler
rNeg    + . .      Spirit   .    a - +0 plate armour
rPois   inf        Reflect  .    (no helmet)
rElec   +          Harm     .    (no cloak)
rCorr   .          Rampage  .    g - +2 pair of gloves
Will    .....                    (no boots)
Stlth   ..........               (no amulet)
HPRegen 0.12/turn                (no ring)
MPRegen 0.10/turn                (no ring)

@: about to teleport
A: sickness immunity, AC +4, negative energy resistance 1, electricity
resistance, torment resistance 1, petrification resistance
a: no special abilities


You were on level 3 of the Dungeon.
You visited 1 branch of the dungeon, and saw 3 of its levels.

You collected 125 gold pieces.


Innate Abilities, Weirdness & Mutations

You are immune to sickness and miasma.
Your stone body is resilient. (AC +4)
You are immune to poison.
You resist negative energy. (rN+)
You are resistant to electric shocks. (rElec)
You are resistant to unholy torment.
You are immune to petrification.


   Skills:
 - Level 4.0 Fighting
 - Level 6.0 Axes
 + Level 3.8 Armour
 - Level 3.2 Shields


You had 5 spell levels left.
You didn't know any spells.
Your spell library was empty.

Inventory:

Hand Weapons
 i - a +0 flail
 Y - a +0 war axe of freezing (weapon)
Armour
 a - a +0 plate armour (worn)
 c - a +0 buckler (worn)
 g - a +2 pair of gloves (worn)
Jewellery
 f - a ring of positive energy
Scrolls
 b - a scroll of acquirement {unknown}
 l - a scroll of fear {unknown}
 n - a scroll of blinking {unknown}
 o - a scroll of teleportation
 p - a scroll of enchant weapon {unknown}
Potions
 d - 3 potions of might
 e - 3 potions of curing
 h - 2 potions of degeneration {unknown}
 j - a potion of haste {unknown}
 k - a potion of magic {unknown}
 m - 2 potions of lignification {unknown}

Dungeon Overview and Level Annotations

Branches:
Dungeon (3/15)

Altars:


Message History

The gnoll bouda barks out a call to the hunt!
The gnoll picks up the pace!
You hear some strange, mumbled words.
Something tries to affect you, but you resist.
The gnoll hits you from afar with a +0 spear.
You barely miss the gnoll bouda.
The gnoll bouda is lightly wounded.
You miss something.
You hear some strange, mumbled words.
A magic dart appears from out of thin air!
The magic dart hits you! You block the gnoll bouda's attack.
The gnoll hits you but does no damage. Something hits you but does no damage.
The gnoll hits you from afar with a +0 spear.
You hit the gnoll bouda but do no damage.
The gnoll bouda is lightly wounded.
You barely miss something.
The gnoll bouda hits you but does no damage.
Something hits you. The gnoll closely misses you.
The gnoll hits you but does no damage.
You hit the gnoll bouda but do no damage.
The gnoll bouda is lightly wounded.
You hit something. You freeze something. You hit the orc. You freeze the orc.
You kill the orc!
Your attacks no longer feel as feeble.
The gnoll bouda hits you but does no damage.
Something hits you but does no damage.
The gnoll hits you but does no damage. x2
You hit the gnoll bouda. You freeze the gnoll bouda.
The gnoll bouda is moderately wounded.
You closely miss something. The gnoll bouda barely misses you.
Something hits you but does no damage.
The gnoll hits you from afar with a +0 halberd!
The gnoll hits you but does no damage. You block the gnoll's attack.
The gnoll bouda hits you but does no damage.
Something hits you but does no damage. You block the gnoll's attack.
2421 ||| READING 2 scrolls of teleportation.
As you read the scroll of teleportation, it crumbles to dust.
You feel strangely unstable. You block the gnoll's attack.
The gnoll hits you but does no damage.
The gnoll bouda hits you with a +0 whip.
You die...

#............###........
#..........#...#........
#..........###.#........
#..........# #.#........
#..........###..).......
#>..........##..#.#.###.
#..............##...
###.....#....{)# ##.#
###.....>..%.g@## .#
##.........#.....# .
##..%..####....ggg# .
#.....##..######.... o{
#.....#....##..##....
../####....'....##.##.#
..##..##..##....# .. .
#.#....'#+###..####..
#.#)...##...##)#..##


You could see a gnoll bouda and 3 gnolls.

Vanquished Creatures
  Grinder (D:3)
  2 orc priests (D:3)
  An orc wizard (D:3)
  7 adders
  2 worms (D:3)
  2 dart slugs (D:1)
  7 orcs (D:3)
  7 ball pythons
  3 endoplasms
  4 giant cockroaches
  6 goblins
  2 hobgoblins
  2 quokkas
  7 bats
  5 frilled lizards
  8 kobolds
  5 rats
71 creatures vanquished.

Notes
Turn   | Place    | Note
-------+----------+-------------------------------------------
     0 | D:1      | qw the Gargoyle Fighter began the quest for the Orb.
     0 | D:1      | Reached XP level 1. HP: 14/14 MP: 1/1
     0 | D:1      | 0 ||| qw: Version: 0.2-a-10-g399e6c4
     0 | D:1      | 0 ||| qw: Game counter: 402
     0 | D:1      | 0 ||| qw: Always use a shield: true
     0 | D:1      | 0 ||| qw: God list: Okawaru
     0 | D:1      | 0 ||| qw: Allow faded altars: false
     0 | D:1      | 0 ||| qw: Do Orc after D:15 true
     0 | D:1      | 0 ||| qw: Do second Lair branch before Depths: true
     0 | D:1      | 0 ||| qw: Lair rune preference: random
     0 | D:1      | 0 ||| qw: Plans: Normal, Zot:1-4, God:TSO, Crypt, Tomb,
                  | Pan, Slime:5, Hells, Abyss, Orb
     0 | D:1      | 0 ||| PLANNING D:1-11
   114 | D:1      | Reached skill level 2 in Axes
   115 | D:1      | Found a faded altar of an unknown god.
   215 | D:1      | Reached XP level 2. HP: 19/19 MP: 2/2
   234 | D:1      | 234 ||| Stepping ~*~*~tactically~*~*~ (stealth).
   708 | D:1      | Reached skill level 3 in Axes
   724 | D:1      | Reached XP level 3. HP: 19/23 MP: 3/3
   949 | D:1      | 949 ||| DROPPING +6 ring of intelligence.
   950 | D:1      | 950 ||| READING scroll labelled XIKHLO ONUSM.
   951 | D:1      | 951 ||| READING scroll labelled JORRIBR QOCEY.
   952 | D:1      | 952 ||| READING scroll labelled CECOUV NYAPP.
  1053 | D:1      | 1053 ||| READING scroll labelled QUMIMEM LUPI.
  1056 | D:1      | 1056 ||| READING scroll labelled QOZOEP GIMO.
  1057 | D:1      | 1057 ||| READING scroll labelled GASAFR VILECHU.
  1058 | D:1      | 1058 ||| DRINKING 3 pink potions.
  1274 | D:2      | 1274 ||| Stepping ~*~*~tactically~*~*~ (stealth).
  1275 | D:2      | 1275 ||| Stepping ~*~*~tactically~*~*~ (stealth).
  1278 | D:2      | 1278 ||| Stepping ~*~*~tactically~*~*~ (stealth).
  1279 | D:2      | 1279 ||| Stepping ~*~*~tactically~*~*~ (stealth).
  1280 | D:2      | 1280 ||| DROPPING +0 whip.
  1424 | D:2      | 1424 ||| Stepping ~*~*~tactically~*~*~ (stealth).
  1429 | D:2      | 1429 ||| Stepping ~*~*~tactically~*~*~ (stealth).
  1440 | D:2      | 1440 ||| Stepping ~*~*~tactically~*~*~ (stealth).
  1441 | D:2      | 1441 ||| Stepping ~*~*~tactically~*~*~ (stealth).
  1468 | D:2      | Reached XP level 4. HP: 28/28 MP: 4/4
  1646 | D:2      | Reached skill level 4 in Axes
  1725 | D:2      | 1725 ||| UPGRADING to +0 plate armour.
  1735 | D:2      | 1735 ||| DROPPING +0 scale mail.
  1736 | D:2      | 1736 ||| UPGRADING to +2 pair of gloves.
  1741 | D:2      | 1741 ||| READING scroll labelled EKUYCR WETA.
  1775 | D:3      | Noticed Grinder
  1780 | D:3      | 1780 ||| Stepping ~*~*~tactically~*~*~ (hiding).
  1782 | D:3      | Paralysed by Grinder for 2 turns
  1788 | D:3      | 1788 ||| Stepping ~*~*~tactically~*~*~ (hiding).
  1796 | D:3      | Paralysed by Grinder for 3 turns
  1804 | D:3      | Paralysed by Grinder for 4 turns
  1810 | D:3      | Killed Grinder
  1811 | D:3      | Reached skill level 5 in Axes
  1811 | D:3      | Reached XP level 5. HP: 24/32 MP: 5/5
  1811 | D:3      | Reached XP level 6. HP: 27/37 MP: 6/6
  1952 | D:3      | 1952 ||| Stepping ~*~*~tactically~*~*~ (hiding).
  2139 | D:3      | Reached skill level 6 in Axes
  2212 | D:3      | 2212 ||| Stepping ~*~*~tactically~*~*~ (stealth).
  2213 | D:3      | 2213 ||| Stepping ~*~*~tactically~*~*~ (stealth).
  2214 | D:3      | 2214 ||| Stepping ~*~*~tactically~*~*~ (stealth).
  2391 | D:3      | 2391 ||| Stepping ~*~*~tactically~*~*~ (stealth).
  2401 | D:3      | 2401 ||| DRINKING 4 potions of curing.
  2401 | D:3      | 2401 ||| (to cure confusion)
  2410 | D:3      | 2410 ||| Stepping ~*~*~tactically~*~*~ (stealth).
  2411 | D:3      | 2411 ||| FLEEEEING.
  2412 | D:3      | 2412 ||| Stepping ~*~*~tactically~*~*~ (hiding).
  2420 | D:3      | HP: 1/38 [gnoll/+0 halberd[a gnoll bouda] (9)]
  2421 | D:3      | 2421 ||| READING 2 scrolls of teleportation.
  2421 | D:3      | Slain by a gnoll bouda

Levels and vault maps discovered:
D:1:      minmay_arrival_jagged, layout_basic,
          shapermc_ecumenical_altar_mp_highgroup, chequers_serial_rivers_micro_b
D:2:      layout_loops_ring
D:3:      minmay_bubble_buster, layout_rooms, uniq_grinder, uniq_robin,
          uniq_crazy_yiuf_cottage

Skill      XL: |  1  2  3  4  5  6 |
---------------+-------------------+-----
Axes           | 2 3 5 6 |  6.0
Fighting       | 4 |  4.0
Armour         | |  3.8
Shields        | |  3.2

Action                   |  1- 3 |  4- 6 || total
-------------------------+-------+-------++-------
Melee: War axe           |    81 |   126 ||   207
  Use: Scroll            |     6 |     2 ||     8
       Potion            |     1 |     1 ||     2
Armor: Scale mail        |    33 |     8 ||    41
       Plate armour      |       |    92 ||    92
Dodge: Dodged            |    34 |    24 ||    58
Block: Buckler           |    13 |    17 ||    30

Table legend:
 A = Non-vault XP
 B = Vault XP
 C = Vault XP percentage of total XP
 D = Non-vault monster count
 E = Vault monster count
 F = Vault count percentage of total count
                 A         B        C        D         E       F
            +---------+---------+-------+---------+---------+-------
      Total |     256 |     339 |  57.0 |      54 |      17 |  23.9
            +---------+---------+-------+---------+---------+-------
        D:1 |      37 |       0 |   0.0 |      22 |       0 |   0.0
        D:2 |      65 |       0 |   0.0 |      18 |       0 |   0.0
        D:3 |     154 |     339 |  68.8 |      14 |      17 |  54.8
            +---------+---------+-------+---------+---------+-------
